 Dungeon Crawl Stone Soup version 0.17-a0-1718-g72dbe4d (webtiles) character file.

456 Chihiro the Spear-Bearer (level 6, -2/51 HPs)
             Began as a Minotaur Berserker on Aug 25, 2015.
             Was a Believer of Trog.
             Killed from afar by Dowan (12 damage)
             ... with a shard of ice
             ... on level 4 of the Dungeon.
             The game lasted 00:13:10 (3568 turns).

Chihiro the Spear-Bearer (Minotaur Berserker)       Turns: 3568, Time: 00:13:11

Health: -2/51      AC:  6    Str: 25    XL:     6   Next: 77%
Magic:  5/5        EV: 11    Int:  4    God:    Trog [**....]
Gold:   88         SH:  0    Dex: 12    Spells: 0 memorised, 5 levels left

rFire  . . .     SeeInvis .     C - +3 scythe
rCold  . . .     Clarity  .     x - +0 scale mail
rNeg   . . .     SustAt   .     (no shield)
rPois  .         Gourm    .     (helmet restricted)
rElec  .         Spirit   .     (no cloak)
rCorr  +         Warding  .     (no gloves)
rMut   .         Stasis   .     (no boots)
MR     .....                    d - amulet of resist corrosion
Stlth  ..........               (no ring)
                                l - +4 ring of strength

@: exhausted, slowed, very slow, not resistant to hostile enchantments,
extremely unstealthy
A: retaliatory headbutt, horns 2
a: Burn Spellbooks, Berserk, Trog's Hand, Renounce Religion


You were on level 4 of the Dungeon.
You worshipped Trog.
Trog was pleased with you.
You were hungry.

You visited 1 branch of the dungeon, and saw 4 of its levels.

You collected 88 gold pieces.

Inventory:

Hand weapons
 b - a +0 hunting sling
 u - a +0 mace of holy wrath
 w - a +2 falchion of draining
 C - a +3 scythe (weapon)
Missiles
 e - 34 bolts
 g - 174 stones (quivered)
 y - 17 arrows
Armour
 x - a +0 scale mail (worn)
Jewellery
 d - an amulet of resist corrosion (around neck)
 l - a +4 ring of strength (left hand)
Scrolls
 k - 2 scrolls of identify {unknown}
 o - 2 scrolls of immolation
 p - a scroll of teleportation {unknown}
 q - 2 scrolls of fog {unknown}
 r - a scroll of enchant armour {unknown}
 v - a scroll of amnesia {unknown}
 z - 3 scrolls of fear {unknown}
Potions
 a - a potion of mutation {unknown}
 c - a potion of lignification {unknown}
 i - a potion of heal wounds {unknown}
 m - 3 potions of curing {unknown}
 n - 2 potions of poison {unknown}
 s - a potion of invisibility {unknown}
 A - a potion of agility {unknown}
Comestibles
 f - a beef jerky
 h - a royal jelly
 j - a meat ration
 t - 2 slices of pizza
 B - 5 chunks of flesh


   Skills:
 - Level 3.6 Fighting
 + Level 9.3 Polearms
 - Level 2.4 Armour
 - Level 2.1 Dodging


You had 5 spell levels left.
You didn't know any spells.

Dungeon Overview and Level Annotations

Branches:
Dungeon (4/15)             Temple (0/1) D:4

Altars:
Elyvilon
Fedhas
Xom
Zin
The Shining One

Annotations:
D:3 Sigmund
D:4 Dowan


Innate Abilities, Weirdness & Mutations

You reflexively headbutt those who attack you in melee.
You have a pair of horns on your head.


Message History

Dowan blinks!
The slave hits you. The slave hits you.
You slash the slave! Your headbutt misses the slave.
The slave is heavily wounded.
Dowan hits you but does no damage. Dowan barely misses you.
You furiously retaliate!
You headbutt Dowan. The slave hits you. Dowan gestures at you while chanting.
The shard of ice hits you!
* * * LOW HITPOINT WARNING * * *
The slave hits you but does no damage.
Dowan gestures wildly while chanting.
Dowan blinks!
A slave comes into view.
As you read the scroll labeled PASUDOTINK, it crumbles to dust.
The creatures around you are filled with an inner flame!
It was a scroll of immolation.
The slave shouts!
Dowan hits you but does no damage. The slave hits you but does no damage.
Dowan gestures at you while chanting. The shard of ice hits you!
You die...

..# ### ### #
#.. ######
#.# .......
K.. ######.
#.# # #p# #
#p# #### #@#
....# #e#
....# # #.#
....# #.#)#
....###
#####.#?###.#
..)...
)...........#
....####
#####.#.#####
........
...#.# ....#
### #.#


You could see Pikel (wandering), 2 slaves and Dowan (inner flame).

Vanquished Creatures
  Duvessa (D:4)
  A slave (D:4)
  An ogre (D:4)
  The ghost of Gargoyl the Skirmisher, a weakling DsAK of Lugonu (D:3)
  A hound (D:4)
  Terence (D:3)
  A hound skeleton (D:4)
  Robin (D:2)
  6 adders
  A gnoll (D:4)
  2 oozes
  3 worms
  2 giant geckos (D:1)
  6 orcs (D:3)
  11 bats
  A giant cockroach (D:4)
  12 goblins
  7 hobgoblins
  8 jackals
  2 ball pythons
  3 giant newts
  A jackal skeleton (D:1)
  2 kobolds (D:1)
  8 rats
83 creatures vanquished.

Vanquished Creatures (others)
  A bat (D:3)
1 creature vanquished.

Grand Total: 84 creatures vanquished

Notes
Turn   | Place    | Note
--------------------------------------------------------------
     0 | D:1      | Chihiro the Minotaur Berserker began the quest for the Orb.
     0 | D:1      | Reached XP level 1. HP: 19/19 MP: 0/0
   130 | D:1      | Reached skill level 4 in Polearms
   309 | D:1      | Reached XP level 2. HP: 19/26 MP: 1/1
   857 | D:1      | Acquired Trog's second power
   880 | D:1      | Reached skill level 5 in Polearms
  1117 | D:1      | Reached XP level 3. HP: 31/31 MP: 2/2
  1502 | D:2      | Found a blossoming altar of Fedhas.
  1784 | D:2      | Reached XP level 4. HP: 35/39 MP: 3/3
  1824 | D:2      | Noticed Robin
  1830 | D:2      | Killed Robin
  1830 | D:2      | Reached skill level 6 in Polearms
  2202 | D:3      | Noticed Gargoyl's ghost (weakling DsAK)
  2290 | D:3      | Killed Gargoyl's ghost
  2290 | D:3      | Reached skill level 7 in Polearms
  2290 | D:3      | Reached XP level 5. HP: 34/45 MP: 4/4
  2446 | D:3      | Noticed an angel
  2447 | D:3      | Found a glowing silver altar of Zin.
  2447 | D:3      | Found a shimmering altar of Xom.
  2501 | D:3      | Noticed Sigmund
  2639 | D:3      | Noticed Terence
  2644 | D:3      | Killed Terence
  2696 | D:3      | Found a glowing golden altar of the Shining One.
  2905 | D:3      | Found a white marble altar of Elyvilon.
  3139 | D:4      | Noticed an ogre
  3149 | D:4      | Killed an ogre
  3149 | D:4      | Reached skill level 8 in Polearms
  3149 | D:4      | Reached XP level 6. HP: 51/51 MP: 5/5
  3527 | D:4      | Found a staircase to the Ecumenical Temple.
  3549 | D:4      | Noticed a slave
  3550 | D:4      | Noticed Dowan
  3551 | D:4      | Noticed Duvessa
  3557 | D:4      | Killed a slave
  3559 | D:4      | Killed Duvessa
  3559 | D:4      | Reached skill level 9 in Polearms
  3560 | D:4      | Noticed a slave
  3565 | D:4      | Noticed a slave
  3568 | D:4      | Noticed a slave
  3568 | D:4      | Killed from afar by Dowan

Vault maps used:
D:1:      evilmike_arrival_plus, st_stairs_11, minivault_27
D:2:      fedhas_altar_2, uniq_robin
D:3:      grunt_temple_overflow_order_and_chaos_1, tso_altar, elyvilon_altar_4,
          overflow_temple_1_default, kennysheep_crisscross, uniq_sigmund,
          uniq_terence, uniq_iyjb
D:4:      temple_statues, sigmund_army, uniq_pikel, uniq_duvessa

Action                   |  1- 3 |  4- 6 || total
-------------------------+-------+-------++-------
Melee: Spear             |    96 |   133 ||   229
       Scythe            |       |    10 ||    10
 Fire: Hunting sling     |       |     3 ||     3
Invok: Berserk           |     1 |     7 ||     8
       Trog's Hand       |       |     5 ||     5
  Use: Scroll            |       |     1 ||     1
 Stab: Sleeping          |     2 |     1 ||     3
  Eat: Chunk             |     4 |     8 ||    12
       Bread ration      |       |     1 ||     1
